[Event "Titled Tuesday Blitz June 29 2021"]
[White "Tayson_7"]
[Black "Alexsur1981"]
[WhiteElo "2618"]
[BlackElo "2868"]
[Result "1/2-1/2"]
[Round "03"]
[TimeControl "180+1"]
[Date "2021.06.29"]
[WhiteClock "0:00:10"]
[BlackClock "0:00:12"]

1. e4 c5 2. Nc3 e6 3. Nge2 Nc6 4. g3 Nf6 5. Bg2 Be7 6. O-O O-O 7. d4 cxd4 8. Nxd4 d6 9. Be3 Bd7 10. Ndb5 Qb8 11. h3 a6 12. Nd4 Qc7 13. g4 Nxd4 14. Bxd4 Bc6 15. Qd2 Rac8 16. Rae1 b5 17. a3 Nd7 18. f4 e5 19. Be3 exf4 20. Bxf4 Ne5 21. Re2 a5 22. Kh1 b4 23. axb4 axb4 24. Nd5 Bxd5 25. exd5 b3 26. cxb3 Qb6 27. Qe3 Qb8 28. Bxe5 dxe5 29. Qxe5 Bd6 30. Qe3 Rce8 31. Be4 g6 32. Qf3 Re5 33. Bc2 Rxe2 34. Qxe2 Qb4 35. Rf2 Qd4 36. Kg2 Qxd5+ 37. Qf3 Qe5 38. Bd3 Kg7 39. Bc4 f6 40. Re2 Qd4 41. Qe3 Qxe3 42. Rxe3 Be5 43. Re2 Rb8 44. Kf3 Kh6 45. h4 Rd8 46. g5+ Kh5 47. Re4 Bxb2 48. gxf6 Bxf6 49. Kg3 Rd2 50. Be2+ Kh6 51. b4 Rb2 52. b5 Rb3+ 53. Kg2 Kg7 54. h5 g5 55. Re6 Rb4 56. Rc6 g4 57. Bc4 Be5 58. h6+ Kf8 59. Kf1 g3 60. Kg2 Rb2+ 61. Kh3 g2 62. Rc8+ Ke7 63. Rg8 Rc2 64. Bd5 Rc5 65. Bc6 Bf4 66. Rxg2 Bxh6 67. Kg4 Rg5+ 68. Kf3 Rxg2 69. Kxg2 Be3 70. Kh3 Bb6 71. Kg4 Kd6 72. Kh3 Kc7 73. Kg2 Bc5 74. Kh3 Bb6 75. Kg2 Bc5 76. Kh3 Bb6 1/2-1/2


[Site "https://www.chess.com"]

[Event "Titled Tuesday Blitz June 29 2021"]
[White "ValeriyGrinev"]
[Black "jcibarra"]
[WhiteElo "2598"]
[BlackElo "2831"]
[Result "1/2-1/2"]
[Round "03"]
[TimeControl "180+1"]
[Date "2021.06.29"]
[WhiteClock "0:00:33"]
[BlackClock "0:00:03"]

1. c4 e5 2. g3 Nc6 3. Bg2 Bc5 4. Nc3 d6 5. e3 a6 6. Nge2 Ba7 7. Rb1 h5 8. h3 h4 9. g4 f5 10. gxf5 Bxf5 11. d3 Nf6 12. b4 Qd7 13. a4 O-O 14. b5 axb5 15. axb5 Nd8 16. Nd5 c6 17. bxc6 bxc6 18. Nb6 Qb7 19. c5 dxc5 20. Qb3+ Be6 21. Nc4 Qxb3 22. Rxb3 e4 23. Nf4 Bf7 24. Ra3 Ne6 25. Nxe6 Bxe6 26. Ne5 Bd5 27. O-O Bb6 28. Rxa8 Rxa8 29. dxe4 Nxe4 30. Nd3 Nc3 31. Ne5 Ne2+ 32. Kh1 Ra1 33. e4 Be6 34. Bg5 Rxf1+ 35. Bxf1 Nd4 36. Bxh4 Bc7 37. Bg3 Nb5 38. Nxc6 Bxg3 39. fxg3 Nd6 40. e5 Nf5 41. Nd8 Bd5+ 42. Kh2 c4 43. g4 Ne3 44. Be2 c3 45. Bd3 c2 46. Bxc2 Nxc2 47. e6 Kf8 48. Nf7 Bxe6 49. Ng5 Bd5 50. Kg3 Ke7 51. Kf4 Nb4 52. h4 Nc6 53. h5 Kf6 54. Nh7+ Ke7 55. Ng5 Bg8 56. Nf3 Nb4 57. g5 Nd5+ 58. Kg4 Be6+ 59. Kh4 Nf4 60. g6 Kf6 61. Nd2 Bd5 62. Nf1 Ne6 63. Ne3 Bc6 64. Ng4+ Ke7 65. h6 gxh6 66. Nxh6 Kf6 67. Ng4+ Kg7 68. Ne5 Be8 69. Kh5 Kf6 70. Ng4+ Kf5 71. Nh6+ Kf6 72. Ng4+ Kg7 73. Ne5 Nd4 74. Kg5 Nb5 75. Kf5 Nd6+ 76. Ke6 Ne4 77. Kf5 Nc5 78. Kg5 Bb5 79. Kf5 Ba4 80. Kg5 Bc2 81. Kf4 Kf6 82. Ng4+ Kxg6 83. Ne3 Bd3 84. Ke5 Be2 85. Nd5 Nb3 86. Nf4+ Kg5 87. Nxe2 1/2-1/2


[Site "https://www.chess.com"]

[Event "Titled Tuesday Blitz June 29 2021"]
[White "dretch"]
[Black "Yurovskykh_Alexander"]
[WhiteElo "2824"]
[BlackElo "2593"]
[Result "1-0"]
[Round "03"]
[TimeControl "180+1"]
[Date "2021.06.29"]
[WhiteClock "0:00:08"]
[BlackClock "0:00:19"]

1. d4 d5 2. c4 dxc4 3. e3 Nf6 4. Bxc4 e6 5. Nf3 c5 6. O-O Nc6 7. Qe2 cxd4 8. Rd1 Be7 9. exd4 O-O 10. Nc3 Na5 11. Bd3 b6 12. Qe5 Bd6 13. Qg5 Bb7 14. Ne5 Nd5 15. Qg3 f5 16. Bg5 Qe8 17. Bh6 Qe7 18. Nb5 Bb8 19. Rac1 a6 20. Bg5 Qe8 21. Nc3 Nxc3 22. bxc3 Nc6 23. Bf4 Nxe5 24. Bxe5 Qg6 25. Re1 Qxg3 26. hxg3 Kf7 27. Rb1 Ba7 28. c4 Rac8 29. c5 Rc6 30. Be2 b5 31. a4 Rcc8 32. axb5 axb5 33. Rxb5 Bc6 34. Ra5 Bb8 35. Bxb8 Rxb8 36. Bc4 Rfe8 37. Ra6 Rbc8 38. Rb6 Rc7 39. Rxc6 Rxc6 40. Bb5 Rcc8 41. Bxe8+ Rxe8 42. Kf1 Rd8 43. Rd1 Rd5 44. Ke2 Ke7 45. f4 h6 46. Kd3 Rd7 47. Ra1 Rb7 48. Kc3 g5 49. Ra6 gxf4 50. gxf4 Rb8 51. Kc4 Rg8 52. Ra7+ Kf6 53. Ra2 Ke7 54. Kb5 Rb8+ 55. Kc6 Rb3 56. Rd2 h5 57. d5 exd5 58. Rxd5 Ke6 59. Re5+ Kf6 60. Kd6 Rb2 61. c6 Rxg2 62. c7 Rc2 63. Rc5 Rd2+ 64. Kc6 Ra2 65. c8=Q 1-0


[Site "https://www.chess.com"]

[Event "Titled Tuesday Blitz June 29 2021"]
[White "erichansen"]
[Black "suyu28"]
[WhiteElo "2925"]
[BlackElo "2627"]
[Result "1-0"]
[Round "03"]
[TimeControl "180+1"]
[Date "2021.06.29"]
[WhiteClock "0:01:09"]
[BlackClock "0:00:15"]

1. e4 c6 2. Nf3 d5 3. d3 dxe4 4. dxe4 Qxd1+ 5. Kxd1 Nf6 6. Nfd2 g5 7. f3 Rg8 8. c3 Be6 9. Bc4 Bxc4 10. Nxc4 Nbd7 11. Be3 h5 12. Kc2 h4 13. a4 b6 14. Nbd2 e6 15. b4 Nh5 16. Rhd1 Nf4 17. g3 hxg3 18. hxg3 Nh5 19. Bf2 O-O-O 20. e5 Kc7 21. Ne4 Bg7 22. Nxg5 Rdf8 23. f4 Nxe5 24. fxe5 Bh6 25. Ne4 Rg4 26. Ncd6 Bg7 27. Bd4 Nxg3 28. Rg1 c5 29. bxc5 bxc5 30. Rxg3 Rxg3 31. Nxg3 cxd4 32. cxd4 Rh8 33. Kd3 Rh3 34. Ne4 f6 35. exf6 Bxf6 36. Nxf6 Rxg3+ 37. Kc4 Rf3 38. Ne4 Rf4 39. Re1 Kb6 40. Nc5 1-0


[Site "https://www.chess.com"]

[Event "Titled Tuesday Blitz June 29 2021"]
[White "grzechu96"]
[Black "Alexander_Moskalenko"]
[WhiteElo "2623"]
[BlackElo "2916"]
[Result "1/2-1/2"]
[Round "03"]
[TimeControl "180+1"]
[Date "2021.06.29"]
[WhiteClock "0:00:02"]
[BlackClock "0:00:17"]

1. e4 e5 2. Nf3 Nc6 3. Bc4 Nf6 4. d3 Bc5 5. c3 O-O 6. b4 Bb6 7. a4 a6 8. Bg5 h6 9. Bh4 d6 10. Nbd2 Be6 11. O-O g5 12. Bg3 Ne7 13. h4 g4 14. Nh2 h5 15. Kh1 Ng6 16. f3 Kg7 17. Bxe6 fxe6 18. Nc4 Ba7 19. d4 exd4 20. cxd4 b5 21. Ne3 bxa4 22. Rxa4 Bb6 23. Qd3 Qd7 24. Rxa6 Rxa6 25. Qxa6 Bxd4 26. Qd3 Bxe3 27. Qxe3 e5 28. Qg5 Qe7 29. Re1 gxf3 30. gxf3 Qe6 31. Rg1 Kf7 32. b5 Rg8 33. Qc1 Ne8 34. Bf2 Ne7 35. Rxg8 Nxg8 36. Qg5 Ngf6 37. Be3 Qc4 38. Kg2 Qxb5 39. Nf1 Ng7 40. Ng3 Ne6 41. Qh6 Qb2+ 42. Kh3 Qb1 43. Bg5 Ne8 44. Qxh5+ Kf8 45. Qh8+ Kf7 46. Qh5+ Kf8 47. Qh8+ Kf7 48. Qh5+ 1/2-1/2


[Site "https://www.chess.com"]

[Event "Titled Tuesday Blitz June 29 2021"]
[White "mbojan"]
[Black "FairChess_on_YouTube"]
[WhiteElo "2659"]
[BlackElo "2988"]
[Result "0-1"]
[Round "03"]
[TimeControl "180+1"]
[Date "2021.06.29"]
[WhiteClock "0:00:04"]
[BlackClock "0:00:20"]

1. e4 c5 2. Nf3 e6 3. d4 cxd4 4. Nxd4 a6 5. c4 Nf6 6. Nc3 Bb4 7. Bd3 Nc6 8. Nxc6 dxc6 9. e5 Nd7 10. f4 O-O 11. Qc2 Nc5 12. Be2 Qd4 13. a3 Bxc3+ 14. bxc3 Qe4 15. Qxe4 Nxe4 16. Bf3 f5 17. exf6 Nxf6 18. Be3 e5 19. fxe5 Ng4 20. Bc5 Re8 21. O-O Nxe5 22. Rae1 Nxf3+ 23. gxf3 Bh3 24. Rxe8+ Rxe8 25. Rd1 Re2 26. Bf2 Rc2 27. c5 Rxc3 28. f4 Rxa3 29. Bh4 Kf7 30. Rb1 Bc8 31. f5 Rf3 32. f6 gxf6 33. Rd1 Be6 34. Bg3 Bd5 35. Rb1 Rb3 36. Ra1 Rb5 37. Bd6 Rb2 38. h4 Kg6 39. Re1 a5 40. Ra1 Ra2 41. Rb1 a4 42. Rxb7 a3 43. Ra7 Rg2+ 44. Kf1 a2 45. Bf8 Rc2 46. h5+ Kxh5 47. Rxh7+ Kg6 48. Rg7+ Kf5 49. Ra7 Rc1+ 50. Ke2 a1=Q 0-1


[Site "https://www.chess.com"]

[Event "Titled Tuesday Blitz June 29 2021"]
[White "mitrabhaa"]
[Black "Sanan_Sjugirov"]
[WhiteElo "2629"]
[BlackElo "2946"]
[Result "0-1"]
[Round "03"]
[TimeControl "180+1"]
[Date "2021.06.29"]
[WhiteClock "0:00:18"]
[BlackClock "0:00:21"]

1. d4 Nf6 2. c4 e6 3. g3 Bb4+ 4. Nd2 Nc6 5. Nf3 d6 6. Bg2 a5 7. O-O e5 8. dxe5 dxe5 9. a3 Be7 10. b3 e4 11. Ng5 Qd4 12. Ra2 e3 13. Nde4 exf2+ 14. Nxf2 Qxd1 15. Rxd1 O-O 16. Bf4 Bc5 17. Kf1 Bb6 18. Nge4 Nxe4 19. Nxe4 Bf5 20. Rad2 h6 21. Nc3 g5 22. Bxc6 bxc6 23. Be5 Rae8 24. Bd4 Bxd4 25. Rxd4 Re3 26. Rc1 Rb8 27. Kf2 Re7 28. e4 Bg6 29. Rb1 f5 30. exf5 Bxf5 31. Rb2 Rf8 32. Kg2 Re3 33. Nd1 Be4+ 34. Kh3 Re1 35. Nf2 Bf3 36. g4 Re3 37. Rd3 Rfe8 0-1


[Site "https://www.chess.com"]

[Event "Titled Tuesday Blitz June 29 2021"]
[White "pavel_skatchkov"]
[Black "nrvisakh"]
[WhiteElo "2613"]
[BlackElo "2858"]
[Result "1-0"]
[Round "03"]
[TimeControl "180+1"]
[Date "2021.06.29"]
[WhiteClock "0:01:18"]
[BlackClock "0:00:37"]

1. d4 Nf6 2. c4 e6 3. Nf3 Bb4+ 4. Nbd2 O-O 5. a3 Bxd2+ 6. Qxd2 a5 7. Qc2 b6 8. Bg5 Bb7 9. e3 h6 10. Bh4 d6 11. Bd3 Nbd7 12. Nd2 a4 13. Ne4 Ra5 14. Nxf6+ Nxf6 15. f3 e5 16. d5 b5 17. cxb5 Bxd5 18. Bxf6 gxf6 19. e4 Be6 20. Qd2 c6 21. bxc6 d5 22. Rc1 dxe4 23. Bxe4 Qxd2+ 24. Kxd2 f5 25. Bd3 Rd5 26. Ke2 Rb8 27. Rc2 Rd4 28. c7 Ra8 29. Rhc1 e4 30. c8=Q+ 1-0


[Site "https://www.chess.com"]

[Event "Titled Tuesday Blitz June 29 2021"]
[White "viditchess"]
[Black "ChessQueen"]
[WhiteElo "3051"]
[BlackElo "2666"]
[Result "1-0"]
[Round "03"]
[TimeControl "180+1"]
[Date "2021.06.29"]
[WhiteClock "0:00:15"]
[BlackClock "0:00:05"]

1. Nf3 Nf6 2. c4 c5 3. Nc3 Nc6 4. e3 e6 5. d4 d5 6. a3 a6 7. dxc5 Bxc5 8. b4 Ba7 9. Bb2 O-O 10. Qc2 dxc4 11. Bxc4 e5 12. Rd1 Qe7 13. Ng5 g6 14. O-O Bg4 15. Rd2 Rad8 16. Rxd8 Nxd8 17. Nge4 Nxe4 18. Qxe4 Bf5 19. Nd5 Bxe4 20. Nxe7+ Kg7 21. Bxe5+ f6 22. Bb2 Nc6 23. Nxc6 Bxc6 24. Rd1 Bb8 25. h3 Ba4 26. Rd2 Rc8 27. Be6 Re8 28. Bg4 Bc6 29. Be2 Be5 30. Bxe5 Rxe5 31. Kf1 Re7 32. g3 f5 33. Ke1 Kf6 34. h4 Ke5 35. Rd4 Rc7 36. Kd2 Bd5 37. Bd3 b5 38. g4 Bb7 39. g5 Bd5 40. f4+ Ke6 41. h5 Rc8 42. h6 Rc7 43. Be2 Be4 44. Bd1 Bd5 45. Bc2 Rc8 46. a4 Rc7 47. axb5 axb5 48. Bd3 Bc6 49. Ke2 Ra7 50. Rd8 Ra2+ 51. Ke1 Ra3 52. Kd2 Ra2+ 53. Kc1 Ra4 54. Rh8 Ra7 55. Kb2 Rd7 56. Bc2 Rd2 57. Kc3 Rd7 58. Bb3+ Kd6 59. Bg8 Re7 60. Rxh7 Rxe3+ 61. Kd2 Rh3 62. Rg7 Rh2+ 63. Ke3 Rh3+ 64. Kf2 Rf3+ 65. Ke1 Rxf4 66. h7 Rh4 67. Rxg6+ Ke5 68. Rh6 1-0


[Site "https://www.chess.com"]

[Event "Titled Tuesday Blitz June 29 2021"]
[White "viktorskliarov"]
[Black "VladDobrov"]
[WhiteElo "2543"]
[BlackElo "2783"]
[Result "0-1"]
[Round "03"]
[TimeControl "180+1"]
[Date "2021.06.29"]
[WhiteClock "0:00:09"]
[BlackClock "0:00:11"]

1. e4 c5 2. Nf3 d6 3. d4 cxd4 4. Qxd4 Nc6 5. Bb5 Bd7 6. Bxc6 Bxc6 7. Nc3 h6 8. O-O Nf6 9. e5 dxe5 10. Qxd8+ Rxd8 11. Nxe5 Rc8 12. Be3 a6 13. Bb6 e6 14. Rad1 Be7 15. Rd4 Nd7 16. Nxd7 Bxd7 17. Rfd1 Bc6 18. a4 f6 19. a5 h5 20. Ne4 Bxe4 21. Rxe4 Rxc2 22. Rxe6 Kf7 23. Ree1 Bb4 24. Rd7+ Kg6 25. Rb1 Re8 26. Rxb7 Rxb2 27. Rf1 Bc5 28. Ra7 Bxb6 29. axb6 Rxb6 30. h4 Re2 31. g3 Ra2 32. Re1 Rbb2 33. Ree7 Rxf2 34. Rxg7+ Kf5 35. Rg8 Rfb2 0-1


[Site "https://www.chess.com"]

[Event "Titled Tuesday Blitz June 29 2021"]
[White "zmeeed67"]
[Black "IMTominho"]
[WhiteElo "2609"]
[BlackElo "2842"]
[Result "0-1"]
[Round "03"]
[TimeControl "180+1"]
[Date "2021.06.29"]
[WhiteClock "0:00:40"]
[BlackClock "0:00:22"]

1. d4 d5 2. c4 c6 3. Nc3 Nf6 4. e3 g6 5. Nf3 Bg7 6. Bd3 O-O 7. O-O a6 8. h3 Re8 9. b3 c5 10. Bb2 cxd4 11. exd4 Nc6 12. Re1 dxc4 13. Bxc4 b5 14. Bf1 Bb7 15. Qd2 Rc8 16. Rad1 Nb4 17. Ne5 Nfd5 18. a4 bxa4 19. bxa4 e6 20. Rb1 a5 21. Bb5 Re7 22. Ne4 Rc2 23. Qd1 Nf4 24. Ba3 Rec7 25. Nc5 Bxg2 26. Bxb4 Qg5 27. Qxc2 Bxh3+ 0-1


[Site "https://www.chess.com"]

[Event "Titled Tuesday Blitz June 29 2021"]
[White "AlexOstrovskiy"]
[Black "Alexander_Zubov"]
[WhiteElo "2775"]
[BlackElo "3003"]
[Result "0-1"]
[Round "04"]
[TimeControl "180+1"]
[Date "2021.06.29"]
[WhiteClock "0:00:05"]
[BlackClock "0:00:08"]

1. d4 Nf6 2. Bf4 d5 3. e3 c5 4. c3 Nc6 5. Nd2 Bg4 6. Ngf3 e6 7. Qa4 Nd7 8. Bb5 Qc8 9. Ne5 Ncxe5 10. Bxe5 a6 11. Bd3 b5 12. Qc2 Nxe5 13. dxe5 Qc7 14. a4 c4 15. Be2 Bxe2 16. Kxe2 b4 17. f4 Rb8 18. Nf3 Bc5 19. Rhd1 Qb6 20. e4 b3 21. Qd2 Rd8 22. exd5 Rxd5 23. Qe1 Rxd1 24. Rxd1 O-O 25. Kf1 Qc6 26. Qe2 Qxa4 27. Ng5 Be7 28. Ne4 Qc6 29. Rd4 Rc8 30. Nd2 Qb5 31. Rxc4 Rb8 32. Rd4 Qa5 33. Qd1 Qa2 34. Nc4 g6 35. Rd7 Bc5 36. Nd6 Qxb2 37. Ne4 Bf8 38. Nf6+ Kg7 39. Rd8 Qc2 40. Ne8+ Kh8 41. Qd4 b2 42. Rxb8 b1=Q+ 43. Rxb1 Qxb1+ 44. Kf2 Qc2+ 45. Kf3 a5 46. Qd8 Qxc3+ 47. Ke2 Qb2+ 48. Kf3 Qa3+ 49. Ke2 Qe7 50. Qa8 a4 51. Nf6 a3 52. h4 h5 53. Ne4 Qb4 54. Nd6 Kg8 55. Ne8 Qb2+ 56. Kf3 a2 57. Nf6+ Kg7 58. Ne8+ Kh6 59. Nf6 Qa3+ 60. Qxa3 Bxa3 61. Ng8+ Kg7 62. Nf6 a1=Q 0-1


[Site "https://www.chess.com"]

[Event "Titled Tuesday Blitz June 29 2021"]
[White "Alexander_Moskalenko"]
[Black "NikolaGry"]
[WhiteElo "2911"]
[BlackElo "2637"]
[Result "1-0"]
[Round "04"]
[TimeControl "180+1"]
[Date "2021.06.29"]
[WhiteClock "0:01:07"]
[BlackClock "0:00:06"]

1. d4 d5 2. Nc3 Nc6 3. e4 Nf6 4. e5 Nd7 5. f4 Nb6 6. Nf3 Bg4 7. Bb5 e6 8. O-O g6 9. h3 Bxf3 10. Qxf3 h5 11. Be3 Qd7 12. Bf2 a6 13. Bd3 Nb4 14. a3 Nxd3 15. Qxd3 Be7 16. a4 Qc6 17. b3 h4 18. Ne2 Nc8 19. Kh1 Bd8 20. Ng1 Ne7 21. Nf3 Nf5 22. c4 Qd7 23. c5 Kf8 24. b4 Kg7 25. b5 axb5 26. axb5 Be7 27. Qb3 Rhb8 28. Ra4 Rxa4 29. Qxa4 Qe8 30. Ra1 Ng3+ 31. Bxg3 hxg3 32. Kg1 Rd8 33. Qa5 Rc8 34. Kf1 Qh8 35. Qa7 Qh6 36. Qxb7 Re8 37. Qc6 Kf8 38. Ra8 Rxa8 39. Qxa8+ Kg7 40. Qa5 Qxf4 41. Qd2 Qe4 42. Qe1 Qd3+ 43. Kg1 Qxb5 44. Qxg3 Qc4 45. Qg4 Qd3 46. Kh2 c6 47. h4 Qf5 48. Qxf5 exf5 49. Kg3 f6 50. Kf4 Kf7 51. exf6 Bxf6 52. Ne5+ Bxe5+ 53. Kxe5 1-0


[Site "https://www.chess.com"]

[Event "Titled Tuesday Blitz June 29 2021"]
[White "Alexsur1981"]
[Black "NateSolon"]
[WhiteElo "2861"]
[BlackElo "2621"]
[Result "1-0"]
[Round "04"]
[TimeControl "180+1"]
[Date "2021.06.29"]
[WhiteClock "0:02:44"]
[BlackClock "0:00:58"]

1. e4 c5 2. Nc3 d6 3. Nf3 Nf6 4. d4 cxd4 5. Nxd4 a6 6. Rg1 e5 7. Nb3 h5 8. h3 Be6 9. g4 hxg4 10. hxg4 g6 11. g5 Nh5 12. Be3 Nc6 13. Nd5 Bxd5 14. Qxd5 Nf4 15. Qd2 Be7 16. O-O-O Bxg5 17. Qxd6 Qxd6 18. Rxd6 Be7 19. Rd2 Kf8 20. Nc5 Kg7 21. Nxb7 Nd4 22. Rxd4 exd4 23. Bxf4 1-0


[Site "https://www.chess.com"]

[Event "Titled Tuesday Blitz June 29 2021"]
[White "Arseniy_Nesterov"]
[Black "heartandgold"]
[WhiteElo "2814"]
[BlackElo "2519"]
[Result "1-0"]
[Round "04"]
[TimeControl "180+1"]
[Date "2021.06.29"]
[WhiteClock "0:02:06"]
[BlackClock "0:01:12"]

1. d4 d5 2. c4 c6 3. Nf3 Nf6 4. e3 Bf5 5. Nc3 e6 6. Be2 Be7 7. O-O h6 8. Bd3 Bxd3 9. Qxd3 O-O 10. b3 a5 11. e4 dxe4 12. Nxe4 Nxe4 13. Qxe4 Nd7 14. Bf4 Re8 15. Rad1 Qb6 16. Ne5 Nf6 17. Qe3 Rad8 18. Rd3 a4 19. Bxh6 gxh6 20. Qxh6 1-0


[Site "https://www.chess.com"]

[Event "Titled Tuesday Blitz June 29 2021"]
[White "ChessWarrior7197"]
[Black "Rodalquilar"]
[WhiteElo "2983"]
[BlackElo "2746"]
[Result "1-0"]
[Round "04"]
[TimeControl "180+1"]
[Date "2021.06.29"]
[WhiteClock "0:02:46"]
[BlackClock "0:02:15"]

1. d4 Nf6 2. c4 e6 3. Nc3 Bb4 4. g3 d5 5. Bg2 dxc4 6. Qa4+ Nc6 7. Bxc6+ bxc6 8. Qxb4 Qxd4 9. Nf3 Qg4 10. h3 Qf5 11. g4 Qc2 12. Nd4 Qg6 13. Nxc6 1-0


[Site "https://www.chess.com"]

[Event "Titled Tuesday Blitz June 29 2021"]
[White "DeTimmerman"]
[Black "Grischuk"]
[WhiteElo "2794"]
[BlackElo "3085"]
[Result "1-0"]
[Round "04"]
[TimeControl "180+1"]
[Date "2021.06.29"]
[WhiteClock "0:00:22"]
[BlackClock "0:00:12"]

1. b4 e5 2. Bb2 Bxb4 3. Bxe5 Nf6 4. Nc3 Ba5 5. e3 O-O 6. Nf3 Re8 7. Bxf6 Qxf6 8. Nd5 Qd8 9. c4 c6 10. Nf4 Bc7 11. Nh5 g6 12. Ng3 h5 13. Bd3 Na6 14. Rc1 d5 15. cxd5 Nb4 16. Bb1 Nxd5 17. Ne4 Nb4 18. O-O Nxa2 19. Rc4 Be6 20. Rd4 Qe7 21. Qa4 b5 22. Qa6 Bb6 23. Rd6 Nb4 24. Qa1 f5 25. Nf6+ Kf8 26. Nxe8 Rxe8 27. Qh8+ Kf7 28. Ne5# 1-0


[Site "https://www.chess.com"]

[Event "Titled Tuesday Blitz June 29 2021"]
[White "DenLaz"]
[Black "Tayson_7"]
[WhiteElo "2853"]
[BlackElo "2623"]
[Result "1/2-1/2"]
[Round "04"]
[TimeControl "180+1"]
[Date "2021.06.29"]
[WhiteClock "0:00:17"]
[BlackClock "0:00:16"]

1. d4 Nf6 2. c4 g6 3. g3 c5 4. Nf3 Bg7 5. Bg2 O-O 6. Nc3 cxd4 7. Nxd4 Nc6 8. O-O Qa5 9. e3 d6 10. Nde2 Be6 11. b3 d5 12. cxd5 Nxd5 13. Nxd5 Bxa1 14. Bd2 Qd8 15. Ndf4 Bg4 16. h3 Bxe2 17. Qxe2 Bg7 18. Rd1 Rc8 19. Be1 Qe8 20. Qb5 b6 21. Qa6 e6 22. Qb7 Be5 23. Nd3 Bd6 24. Bc3 Rc7 25. Bxc6 Qxc6 26. Qxc6 Rxc6 27. Bf6 Rfc8 28. Kg2 Kf8 29. g4 h6 30. h4 Be7 31. g5 hxg5 32. hxg5 Bxf6 33. gxf6 Rd6 34. Rh1 Kg8 35. Ne5 Rd5 36. f4 Rc2+ 37. Kf3 b5 38. Ng4 Rh5 39. Rd1 Rd5 40. Rh1 Rh5 41. Rd1 Rd5 42. Rh1 1/2-1/2


[Site "https://www.chess.com"]

[Event "Titled Tuesday Blitz June 29 2021"]
[White "Duhless"]
[Black "VladDobrov"]
[WhiteElo "3064"]
[BlackElo "2786"]
[Result "1-0"]
[Round "04"]
[TimeControl "180+1"]
[Date "2021.06.29"]
[WhiteClock "0:00:02"]
[BlackClock "0:00:06"]

1. d4 Nf6 2. Nf3 e6 3. c4 Bb4+ 4. Nbd2 O-O 5. g3 b6 6. Bg2 Bb7 7. O-O d5 8. Ne5 Nbd7 9. Qa4 Bxd2 10. Bxd2 Nxe5 11. dxe5 Nd7 12. Bf4 a5 13. Rfd1 g5 14. Bxg5 Qxg5 15. Qxd7 Qxe5 16. cxd5 Rad8 17. Qb5 exd5 18. e4 Rfe8 19. exd5 Qe2 20. Qb3 Rd6 21. Bf3 Qe5 22. Rac1 Red8 23. Rxc7 Bxd5 24. Bxd5 Rxd5 25. Rxd5 Rxd5 26. Rc8+ Kg7 27. Qc3 Qxc3 28. Rxc3 b5 29. Rc2 h5 30. Kg2 Kg6 31. Rc6+ f6 32. Ra6 Rd2 33. Rxa5 Rxb2 34. a3 b4 35. a4 b3 36. Rb5 Ra2 37. Kh3 Rxa4 38. Rxb3 Ra2 39. Rf3 Rc2 40. Kh4 Rc4+ 41. Rf4 Rc2 42. h3 Ra2 43. Rf3 Rb2 44. Rf4 Ra2 45. f3 Rh2 46. Ra4 Rf2 47. f4 Rf3 48. Ra5 Rd3 49. Rxh5 Rxg3 50. f5+ 1-0


[Site "https://www.chess.com"]

[Event "Titled Tuesday Blitz June 29 2021"]
[White "FairChess_on_YouTube"]
[Black "Byniolus"]
[WhiteElo "2990"]
[BlackElo "2767"]
[Result "1-0"]
[Round "04"]
[TimeControl "180+1"]
[Date "2021.06.29"]
[WhiteClock "0:01:25"]
[BlackClock "0:00:35"]

1. d4 d6 2. e4 Nf6 3. f3 Nbd7 4. Nc3 e5 5. Nge2 Be7 6. Be3 c6 7. Ng3 O-O 8. Qd2 Re8 9. O-O-O b5 10. Nf5 Bf8 11. g4 b4 12. Ne2 d5 13. g5 Nh5 14. Neg3 Nxg3 15. hxg3 dxe4 16. fxe4 Qa5 17. Bc4 Nb6 18. Rxh7 Bxf5 19. Rh8+ Kxh8 20. Qh2+ 1-0


[Site "https://www.chess.com"]

[Event "Titled Tuesday Blitz June 29 2021"]
[White "GMKrikor"]
[Black "PowerThinking2650"]
[WhiteElo "2750"]
[BlackElo "2408"]
[Result "1/2-1/2"]
[Round "04"]
[TimeControl "180+1"]
[Date "2021.06.29"]
[WhiteClock "0:00:07"]
[BlackClock "0:00:19"]

1. e4 e5 2. Bc4 Nf6 3. d3 Nc6 4. Nc3 Na5 5. Qf3 Nxc4 6. dxc4 Bb4 7. Ne2 d6 8. O-O Bxc3 9. Nxc3 Be6 10. b3 Nd7 11. Qg3 O-O 12. f4 f5 13. fxe5 Nxe5 14. Bf4 Ng6 15. Bg5 Qd7 16. Rae1 Rae8 17. h3 a6 18. a4 fxe4 19. Rxf8+ Rxf8 20. Rxe4 Bf5 21. Re2 Re8 22. Rxe8+ Qxe8 23. Qf2 Qe5 24. Bd2 Bxc2 25. Nd5 c6 26. Bc3 Qf5 27. Qxf5 Bxf5 28. Ne3 Be4 29. Ba5 d5 30. cxd5 Bxd5 31. b4 Ne5 32. b5 axb5 33. axb5 Nc4 34. Nxc4 Bxc4 35. bxc6 bxc6 36. Bb4 Kf7 37. Kf2 Ke6 38. Ke3 Kd5 39. g3 Bf1 40. h4 Kc4 41. Bf8 g6 42. Bg7 Kb3 43. Kd2 c5 44. Bf6 c4 45. Bg7 Bh3 46. Bf6 Bf5 47. Bg7 Kb4 48. Bf6 Kc5 49. Ke3 Kd5 50. Kf4 h5 51. Bg7 Bd3 52. Bh8 Kc5 53. Ke3 Kb4 54. Kd2 Kb3 55. Bg7 Bf5 56. Bf6 Kb4 57. Bg7 Kc5 58. Ke3 Kd5 59. Kf4 Ke6 60. Bc3 Bd3 61. Bd4 Kd5 62. Bc3 Kc5 63. Ke3 Kb5 64. Bf6 Ka4 65. Kd2 Kb3 66. Bg7 Bf5 67. Bf6 Bd3 68. Bg7 1/2-1/2


[Site "https://www.chess.com"]

[Event "Titled Tuesday Blitz June 29 2021"]
[White "GM_Crest"]
[Black "Isajevsky_Anton"]
[WhiteElo "2784"]
[BlackElo "2518"]
[Result "1-0"]
[Round "04"]
[TimeControl "180+1"]
[Date "2021.06.29"]
[WhiteClock "0:01:13"]
[BlackClock "0:00:11"]

1. d4 d5 2. c4 e6 3. Nc3 a6 4. cxd5 exd5 5. Nf3 h6 6. Bf4 Nf6 7. e3 Bd6 8. Bg3 O-O 9. Bd3 Re8 10. Qc2 Nc6 11. a3 Bg4 12. O-O Bxf3 13. gxf3 Bxg3 14. hxg3 Ne7 15. Kg2 h5 16. b4 Nc8 17. a4 Nd6 18. b5 axb5 19. axb5 Qd7 20. Qb3 Qe6 21. Rh1 g6 22. Qc2 Kg7 23. Ne2 Qd7 24. Nf4 Rxa1 25. Rxa1 g5 26. Ne2 g4 27. Nf4 gxf3+ 28. Kxf3 Nde4 29. Rh1 Rh8 30. Kg2 h4 31. gxh4 Qg4+ 32. Kf1 Qf3 33. Rg1+ Kf8 34. Qe2 Qxe2+ 35. Kxe2 Rxh4 36. Rc1 Rh2 37. Bxe4 Nxe4 38. Nd3 1-0


[Site "https://www.chess.com"]

[Event "Titled Tuesday Blitz June 29 2021"]
[White "GOGIEFF"]
[Black "Riazantsev"]
[WhiteElo "2985"]
[BlackElo "2749"]
[Result "1-0"]
[Round "04"]
[TimeControl "180+1"]
[Date "2021.06.29"]
[WhiteClock "0:00:40"]
[BlackClock "0:00:03"]

1. d4 Nf6 2. c4 e6 3. Nc3 Bb4 4. e3 O-O 5. Bd3 Re8 6. Nf3 d5 7. O-O Nbd7 8. a3 Bf8 9. e4 dxe4 10. Nxe4 c5 11. Nxf6+ Nxf6 12. dxc5 Bxc5 13. b4 Be7 14. Bb2 a5 15. c5 Nd5 16. Ne5 Bf6 17. b5 Qe7 18. Qc2 h6 19. Rac1 Rd8 20. Rfe1 Qc7 21. b6 Qe7 22. Bb5 Bxe5 23. Bxe5 Bd7 24. Bxd7 Qxd7 25. c6 bxc6 26. Qxc6 Qxc6 27. Rxc6 Ra6 28. Rb1 Nxb6 29. h3 Rd3 30. Rcxb6 Rxb6 31. Rxb6 Rxa3 32. Rb8+ Kh7 33. Rb7 Kg6 34. Ra7 a4 35. Kh2 h5 36. f3 Ra2 37. h4 Ra3 38. Kg3 Ra2 39. Bd6 Rd2 40. Bf8 Rd4 41. Ra5 1-0


[Site "https://www.chess.com"]

[Event "Titled Tuesday Blitz June 29 2021"]
[White "Hikaru"]
[Black "dretch"]
[WhiteElo "3163"]
[BlackElo "2827"]
[Result "1-0"]
[Round "04"]
[TimeControl "180+1"]
[Date "2021.06.29"]
[WhiteClock "0:00:13"]
[BlackClock "0:00:01"]

1. d4 d5 2. c4 c6 3. Nf3 Nf6 4. e3 Bg4 5. h3 Bxf3 6. Qxf3 e6 7. Nc3 Nbd7 8. Bd3 Bb4 9. O-O O-O 10. Rd1 Qe7 11. Qe2 Rad8 12. a3 Ba5 13. Bd2 dxc4 14. Bxc4 e5 15. Qf3 Bc7 16. Ba2 exd4 17. exd4 Qd6 18. g3 Qxd4 19. Be3 Qe5 20. Bxa7 Nb6 21. Re1 Qa5 22. Re7 Rd7 23. Bxb6 Qxb6 24. Re2 Bd6 25. Rae1 Qd8 26. Kg2 Re7 27. Rd1 Rxe2 28. Nxe2 Qe7 29. Nd4 Bc5 30. Nf5 Qe5 31. b4 Bb6 32. Rd2 Bc7 33. Re2 Qa1 34. Bb3 g6 35. Nh6+ Kg7 36. Nxf7 Rxf7 37. Bxf7 Kxf7 38. Qb3+ Kf8 39. Qe6 Bb6 40. Qc8+ Kg7 41. Qxb7+ Kh6 42. Qxb6 Qc3 43. Qe3+ 1-0


[Site "https://www.chess.com"]